Map: 16-Bit LE

Players

LiquidSnute (Snute) - Winner!

  • Race: Zerg Zerg
  • League: Grandmaster
  • Spawn Location: 1:00

Zanster

  • Race: Zerg Zerg
  • League: Master
  • Spawn Location: 7:00

Event: HomeStory Cup XVII

VOD

Have the link to the VOD?

Description

Time

  • Played on: June 29, 2018, 12:12 p.m.
  • Length: 6:10

All games in this series

Show
View Real Time Build Order
Export as new Build Order

LiquidSnute Zerg - Winner!

Build Orders: Hatch First 

Get SALT Encoding   

  12  0:00  Drone  
  13  0:12  Overlord  
  13  0:17  Drone  
  14  0:31  Drone x2  
  14  0:34  Drone  
  17  0:52  Hatchery  
  17  0:56  Drone  
  17  0:59  Drone  
  17  1:02  Extractor  
  17  1:15  Spawning Pool  
  17  1:18  Drone  
  17  1:21  Drone  
  18  1:29  Drone  
  19  1:38  Overlord  
  19  1:49  Drone  
  20  2:01  Queen  
  20  2:02  Metabolic Boost  
  20  2:04  Queen  
  20  2:07  Zergling x2  
  25  2:09  Zergling x2  
  25  2:13  Zergling x2  
  27  2:17  Drone  
  28  2:23  Drone  
  28  2:28  Drone  
  30  2:37  Hatchery  
  30  2:44  Drone x2  
  30  2:47  Overlord  
  30  2:49  Drone  
  32  2:56  Drone  
  32  2:58  Drone  
  34  3:06  Zergling x2  
  34  3:10  Queen x2  
  34  3:12  Drone  
  40  3:14  Drone  
  40  3:16  Drone  
  40  3:18  Drone  
  43  3:23  Overlord  
  43  3:29  Drone  
  43  3:33  Overlord  
  44  3:43  Zergling x12  
  44  3:46  Drone x2  
  51  3:51  Zergling x8  
  55  3:56  Drone  
  55  4:00  Drone x2  
  58  4:08  Drone  
  58  4:09  Drone  
  60  4:12  Drone  
  60  4:16  Extractor  
  60  4:17  Overlord  
  60  4:18  Drone x2  
  60  4:22  Drone x3  
  65  4:28  Overlord  
  65  4:32  Evolution Chamber  
  65  4:33  Drone  
  65  4:34  Overlord, Drone, Evolution Chamber  
  65  4:37  Drone  
  66  4:40  Drone  
  66  4:42  Roach Warren  
  66  4:48  Baneling Nest  
  66  4:50  Zergling x8, Drone x2  
  71  4:59  Drone x2  
  73  5:04  Zergling x2  
  73  5:07  Zergling x2  
  73  5:09  Queen x2  
  76  5:14  Zergling x2  
  76  5:15  Zergling x2  
  76  5:17  Queen  
  80  5:22  Roach  
  80  5:24  Roach x4  
  80  5:28  Overlord  
  89  5:30  Extractor  
  89  5:31  Baneling x3, Extractor  
  89  5:32  Baneling x5  
  89  5:35  Baneling  
  84  5:44  Roach x2  
  84  5:46  Zergling x10  
  84  5:47  Zergling x4  
  85  5:51  Drone  
  87  6:02  Baneling Nest  
Show
View Real Time Build Order
Export as new Build Order

Zanster Zerg 

Build Orders: Hatch First, Zergling Baneling 

Get SALT Encoding   

  12  0:00  Drone  
  13  0:12  Overlord  
  13  0:17  Drone  
  14  0:31  Drone  
  14  0:32  Drone  
  16  0:35  Drone  
  17  0:53  Hatchery  
  17  0:56  Drone  
  17  0:59  Drone  
  18  1:09  Extractor  
  17  1:14  Spawning Pool  
  17  1:17  Drone  
  17  1:21  Drone  
  18  1:28  Drone  
  19  1:39  Drone  
  20  1:50  Overlord  
  20  2:02  Queen  
  20  2:05  Queen  
  24  2:10  Zergling x2  
  24  2:11  Metabolic Boost, Drone, Zergling x2  
  27  2:16  Drone  
  27  2:22  Drone  
  29  2:26  Evolution Chamber  
  29  2:28  Drone  
  29  2:34  Drone  
  30  2:45  Drone  
  30  2:46  Drone  
  32  2:53  Overlord  
  32  3:03  Hatchery  
  31  3:06  Zerg Ground Armor Level 1  
  31  3:13  Zergling x6  
  31  3:16  Zergling x2  
  31  3:17  Zergling x2  
  37  3:20  Zergling x2  
  36  3:28  Drone x3  
  36  3:31  Drone  
  40  3:36  Drone  
  40  3:39  Overlord  
  41  3:48  Baneling Nest  
  40  3:50  Drone x3  
  40  3:53  Drone  
  44  3:57  Overlord  
  43  4:06  Zergling x8  
  47  4:10  Zergling x2  
  49  4:17  Zergling x8  
  52  4:24  Zergling x8  
  52  4:27  Overlord  
  52  4:30  Zergling x2  
  57  4:35  Baneling  
  57  4:36  Baneling  
  57  4:39  Zergling x2  
  57  4:40  Zergling x2  
  57  4:44  Zergling x2  
  60  4:46  Queen  
  60  4:50  Zergling x10  
  67  4:58  Baneling  
  67  4:59  Baneling x5  
  63  5:14  Zergling x14  
  68  5:21  Overlord  
  68  5:27  Zergling x8  
  66  5:29  Baneling  
  66  5:32  Zergling x6  
  66  5:42  Zergling x4  
  64  5:43  Zergling x2  
Tags
 
Add a new tag
Caveats
  • Supply blocks, unpowered buildings, or Contaminate may cause inaccurate times.
  • Supply counts are checked every 10 seconds.